 Dungeon Crawl Stone Soup version 0.29.0-13-gc9e81de378 (webtiles) character file.

Game seed: 7315041042152426328

1444 nshep25 the Conjurer (level 8, -2/59 HPs)
             Began as a Red Draconian Conjurer on Sept 8, 2022.
             Was an Initiate of Sif Muna.
             Slain by an ogre
             ... wielding a +0 giant club
              (29 damage)
             ... on level 5 of the Dungeon.
             The game lasted 00:33:03 (5630 turns).

nshep25 the Conjurer (Red Draconian Conjurer)       Turns: 5630, Time: 00:33:04

Health: -2/59      AC:  8    Str: 10      XL:     8   Next: 46%
Magic:  16/16      EV: 12    Int:  9 (20) God:    Sif Muna [......]
Gold:   298        SH:  0    Dex: 10      Spells: 11/18 levels left

rFire   + . .      SeeInvis .   y - +2 rapier (drain)
rCold   . . .      Faith    .   (no shield)
rNeg    . . .      Spirit   .   (body armour unavailable)
rPois   .          Reflect  .   (helmet restricted)
rElec   .          Harm     .   c - +0 cloak
rCorr   .          Rampage  .   u - +0 pair of gloves
Will    +....                   (no boots)
Stlth   ++........              d - amulet of magic regeneration
HPRegen 0.19/turn               e - ring of willpower
MPRegen 0.55/turn               z - +4 ring of slaying

@: no status effects
A: breathe fire, AC +6, unfitting armour, fire resistance 1, cold-blooded
a: Breathe Fire, Renounce Religion


You were on level 5 of the Dungeon.
You worshipped Sif Muna.
Sif Muna was noncommittal.
You visited 1 branch of the dungeon, and saw 5 of its levels.

You collected 298 gold pieces.

Inventory:

Hand Weapons
 i - a +0 mace of protection
 v - a +1 falchion of venom
 y - a +2 rapier of draining (weapon)
 B - a +1 dire flail of protection
 C - a +1 mace of holy wrath
 E - a +1 short sword of protection
Missiles
 b - 4 stones
Armour
 c - a +0 cloak (worn)
 m - an orb of energy
 u - a +0 pair of gloves (worn)
Jewellery
 d - an amulet of magic regeneration (around neck)
 e - a ring of willpower (left hand)
 n - a ring of protection from fire
 z - a +4 ring of slaying (right hand)
Scrolls
 g - 3 scrolls of identify {unknown}
 l - a scroll of teleportation {unknown}
 p - a scroll of summoning {unknown}
 q - 2 scrolls of vulnerability {unknown}
 r - a scroll of enchant armour {unknown}
 A - a scroll of poison {unknown}
Potions
 a - a potion of magic
 f - 2 potions of heal wounds {unknown}
 h - a potion of curing {unknown}
 j - 3 potions of attraction {unknown}
 k - a potion of degeneration {unknown}
 o - 3 potions of lignification {unknown}
 s - 3 potions of flight {unknown}
 t - a potion of cancellation {unknown}
 w - a potion of brilliance {unknown}
 x - a potion of mutation {unknown}
 D - a potion of might {unknown}


   Skills:
 + Level 1.6 Fighting
 + Level 1.2 Short Blades
 + Level 1.9 Maces & Flails
 + Level 3.3 Dodging
 + Level 3.0 Stealth
 + Level 0.1 Unarmed Combat
 + Level 5.5 Spellcasting
 + Level 6.7 Conjurations
 + Level 4.3 Evocations


You had 11 spell levels left.
You knew the following spells:

 Your Spells              Type           Power      Damage    Failure   Level
a - Magic Dart            Conj           56%        1d5       1%          1
b - Searing Ray           Conj           28%        2d5       2%          2
c - Fulminant Prism       Conj/Hex       4%         3d6       52%         4

Your spell library contained the following spells:

 Spells                   Type           Power      Damage    Failure   Level
 Dazzling Flash           Conj/Hex       16%        N/A       19%         3
 Iskenderun's Mystic Bla  Conj/Tloc      8%         2d4       52%         4
 Frozen Ramparts          Ice            4%         1d1       56%         3
 Summon Guardian Golem    Hex/Summ       2%         N/A       56%         3
 Anguish                  Hex/Necr       1%         N/A       93%         4
 Ice Form                 Ice/Tmut       2%         N/A       93%         4
 Leda's Liquefaction      Hex/Erth       1%         N/A       93%         4
 Summon Ice Beast         Ice/Summ       2%         N/A       93%         4
 Lee's Rapid Deconstruct  Erth           1%         3d5*      100%        5
 Statue Form              Tmut/Erth      1%         N/A       100%        6
 Enfeeble                 Hex            1%         N/A       100%        7
 Orb of Destruction       Conj           7%         9d6       100%        7
 Spellforged Servitor     Conj/Summ      4%         N/A       100%        7


Dungeon Overview and Level Annotations

Branches:
Dungeon (5/15)
 Temple: D:4-7

Altars:
Elyvilon
Ru
Sif Muna
Wu Jian
The Shining One


Innate Abilities, Weirdness & Mutations

You can breathe blasts of fire.
Your fiery red scales are hard. (AC +6)
You cannot fit into any form of body armour.
Your flesh is heat resistant. (rF+)
You are cold-blooded and may be slowed by cold attacks.


Message History

The orc hits you but does no damage.
You hit the orc but do no damage. You drain the orc.
The orc is heavily wounded.
The orc misses you.
You closely miss the orc.
The orc is moderately wounded.
The orc hits you but does no damage.
You closely miss the orc.
The orc is moderately wounded.
The orc completely misses you.
You puncture the orc!
You kill the orc!
Sif Muna accepts your kill. The orc hits you but does no damage.
You puncture the orc!
You kill the orc!
Sif Muna accepts your kill.
You hit the orc. You tail-slap the orc.
You kill the orc!
Sif Muna accepts your kill.
Found 6 gold pieces.
Items here: ))))) [[[ †††††.
E - a +1 short sword of protection You now have 298 gold pieces (gained 6).
You open the door.
Found an ornate altar of the Wu Jian Council.
You see here a +0 shortbow.
You see here a +0 leather armour.
An ogre comes into view. It is wielding a +0 giant club.
The ogre shouts!
The ogre hits you with a +0 giant club.
You barely miss the ogre. You tail-slap the ogre!
The ogre is moderately wounded.
You hit the ogre.
The ogre is heavily wounded.
The ogre hits you with a +0 giant club!!
You hit the ogre.
The ogre is severely wounded.
The ogre hits you with a +0 giant club!!
You die...

##...## ##..... ####
...... ..# .... #O#
##### ...
########@#...... #.#
#..........# .#
#####.###.######...#
.#
...............#...#
.#
..........####.#...#
.# #####.###.#
#.#..... .#
......###.#
#.#.#.### .#
########..# #.#.#.#
####†# # #..#
#.#.#.# #....#


You could see an ogre.

Vanquished Creatures
  Edmund (D:5)
  A water moccasin (D:5)
  An ice beast (D:5)
  A black bear (D:5)
  An ogre (D:5)
  A centaur (D:5)
  4 scorpions
  A killer bee (D:5)
  A crimson imp (D:3)
  3 orc priests
  6 hounds
  2 iguanas (D:5)
  2 orc wizards
  10 adders
  A shadow imp (D:5)
  An ufetubus (D:5)
  2 worms
  5 dart slugs
  18 orcs
  4 endoplasms
  A giant cockroach (D:2)
  3 goblins
  7 hobgoblins
  4 kobolds
  2 quokkas
  11 ball pythons
  8 bats
  3 frilled lizards
  2 hobgoblin zombies (D:3)
  2 kobold skeletons (D:3)
  2 kobold zombies (D:3)
  An orc skeleton (D:3)
  6 rats
  A bush (D:3)
119 creatures vanquished.

Notes
Turn   | Place    | Note
-------+----------+-------------------------------------------
     0 | D:1      | nshep25 the Draconian Conjurer began the quest for the Orb.
     0 | D:1      | Reached XP level 1. HP: 14/14 MP: 3/3
   382 | D:1      | Reached XP level 2. HP: 20/20 MP: 0/5
   950 | D:1      | Found a faded altar of an unknown god.
  1104 | D:2      | Learned a level 2 spell: Searing Ray
  1225 | D:2      | Reached XP level 3. HP: 26/26 MP: 4/6
  1885 | D:3      | Found a glowing golden altar of the Shining One.
  1923 | D:3      | Reached skill level 1 in Evocations
  1923 | D:3      | Reached XP level 4. HP: 33/33 MP: 2/8
  1977 | D:3      | Noticed a scorpion
  1988 | D:3      | Killed a scorpion
  1989 | D:3      | Reached skill level 5 in Conjurations
  1989 | D:3      | Reached XP level 5. HP: 31/39 MP: 4/9
  3247 | D:4      | Reached skill level 1 in Maces & Flails
  3275 | D:4      | Reached XP level 6. HP: 46/46 MP: 11/11
  3441 | D:4      | Learned a level 4 spell: Fulminant Prism
  4255 | D:5      | Entered Level 5 of the Dungeon
  4293 | D:5      | Your scales start taking on a fiery red colour.
  4293 | D:5      | Reached XP level 7. HP: 51/51 MP: 9/13
  4293 | D:5      | Gained mutation: Your flesh is heat resistant. (rF+) [Red
                  | Draconian growth]
  4323 | D:5      | Noticed Edmund
  4343 | D:5      | Killed Edmund
  4544 | D:5      | Reached skill level 6 in Conjurations
  4594 | D:5      | Reached skill level 1 in Fighting
  4594 | D:5      | Reached XP level 8. HP: 34/59 MP: 12/15
  4620 | D:5      | Reached skill level 5 in Spellcasting
  4809 | D:5      | Found a sacrificial altar of Ru.
  4811 | D:5      | Found a shimmering blue altar of Sif Muna.
  4811 | D:5      | Found a white marble altar of Elyvilon.
  4819 | D:5      | Became a worshipper of Sif Muna the Loreminder
  5356 | D:5      | Reached skill level 1 in Short Blades
  5486 | D:5      | Found an ornate altar of the Wu Jian Council.
  5630 | D:5      | Slain by an ogre

Illustrated notes

Levels and vault maps discovered:
D:1:      psy_arrival_spokes, layout_basic, basic_ecumenical_altar,
          minmay_crystal_room
D:2:      layout_loops_ring, chequers_decorated_corner,
          chequers_serial_rivers_micro_b
D:3:      layout_basic, nicolae_tso_besieged_by_evil, minmay_hedge_maze
D:4:      layout_layer_cave
D:5:      cheibrodos_barr_body, layout_loops_ring, kennysheep_mini,
          chequers_temple_overflow_statue_of_worship, uniq_edmund

Skill      XL: |  1  2  3  4  5  6  7  8 |
---------------+-------------------------+-----
Stealth        | 2 3 |  3.0
Dodging        | 2 3 |  3.3
Evocations     | 1 2 3 4 |  4.3
Spellcasting   | 3 4 5 |  5.5
Conjurations   | 5 6 |  6.7
Maces & Flails | 1 |  1.9
Fighting       | 1 |  1.6
Short Blades   | 1 |  1.2
Unarmed Combat | |  0.1

Action                   |  1- 3 |  4- 6 |  7- 9 || total
-------------------------+-------+-------+-------++-------
Melee: Unarmed           |    15 |       |       ||    15
       Tailslap          |     3 |    47 |    11 ||    61
       Mace              |    16 |   153 |       ||   169
       Rapier            |       |     1 |    55 ||    56
       Punch             |       |       |     2 ||     2
 Cast: Magic Dart        |   114 |    95 |    47 ||   256
       Searing Ray       |       |     3 |     8 ||    11
 Abil: Breathe Fire      |       |       |     2 ||     2
Armor: Skin              |    22 |    23 |    37 ||    82
Dodge: Dodged            |    43 |    15 |    65 ||   123
